 Dungeon Crawl Stone Soup version 0.29-a0-275-g389c0b56f3 (webtiles) character file.

Game seed: 16287891517422312450

992 Dabor the Chopper (level 8, -2/44 (49) HPs)
             Began as a Tengu Berserker on Mar 12, 2022.
             Was a Priest of Trog.
             Slain by a wight
             ... wielding a +1 scimitar of distortion
              (12 damage)
             ... on level 5 of the Dungeon.
             The game lasted 00:15:15 (6021 turns).

Dabor the Chopper (Tengu Berserker)                 Turns: 6021, Time: 00:15:15

HP:   -2/44 (49)    AC:  9    Str: 19    XL:     8   Next: 18%
MP:   9/9           EV: 13    Int:  9    God:    Trog [***...]
Gold: 177           SH:  0    Dex: 13    Spells: 7/7 levels left

rFire   + . .      SeeInvis .   c - +1 hand axe (freeze)
rCold   . . .      Faith    +   (no shield)
rNeg    . . .      Spirit   .   k - +0 scale mail
rPois   .          Reflect  .   (helmet restricted)
rElec   .          Harm     .   u - scarf {repulsion}
rCorr   .          Rampage  +   l - +1 pair of gloves
Will    ++...                   (boots unavailable)
Stlth   ..........              g - amulet of Cyfifiv {Faith Rampage rF+}
HPRegen 1.14/turn               (no ring)
MPRegen 0.11/turn               (no ring)

@: strong-willed, on berserk cooldown, flying quickly and evasively,
regenerating, slowed, heavily drained, repel missiles, very slow
A: beak, talons 3, nimble flight
a: Renounce Religion, Berserk, Trog's Hand


You were on level 5 of the Dungeon.
You worshipped Trog.
Trog was most pleased with you.
You visited 1 branch of the dungeon, and saw 6 of its levels.
You visited the Abyss 1 time.

You collected 303 gold pieces.
You spent 126 gold pieces at shops.

Inventory:

Hand Weapons
 c - a +1 hand axe of freezing (weapon)
 y - a +1 dire flail of protection
Missiles
 j - 16 boomerangs (quivered)
Armour
 k - a +0 scale mail (worn)
 l - a +1 pair of gloves (worn)
 u - a scarf of repulsion (worn)
Jewellery
 g - the amulet of Cyfifiv (around neck) {Faith Rampage rF+}
   (You acquired it on level 2 of the Dungeon)

   [amulet of faith]

   It allows you to gain divine favour quickly.
   rF:        It protects you from fire.
   Rampage:   It bestows one free step when moving towards enemies.
 t - a ring of ice
Scrolls
 a - a scroll of enchant weapon {unknown}
 b - a scroll of enchant armour
 d - a scroll of amnesia {unknown}
 n - a scroll of immolation
 r - 3 scrolls of identify
 s - a scroll of teleportation {unknown}
 w - a scroll of acquirement
Potions
 e - 2 potions of attraction {unknown}
 f - a potion of flight {unknown}
 h - a potion of haste {unknown}
 i - 4 potions of heal wounds {unknown}
 m - 2 potions of mutation {unknown}
 o - 3 potions of curing {unknown}
 p - 2 potions of ambrosia {unknown}
 q - 4 potions of lignification {unknown}
 v - a potion of magic {unknown}
 x - a potion of invisibility {unknown}


   Skills:
 + Level 5.1 Fighting
 + Level 5.7 Axes
 + Level 3.3 Throwing
 + Level 5.0 Armour
 + Level 5.0 Dodging


You had 7 spell levels left.
You didn't know any spells.
Your spell library was empty.

Dungeon Overview and Level Annotations

Branches:
Dungeon (6/15)             Temple (0/1) D:5

Altars:

Shops:
D:1 =   D:2 *(


Innate Abilities, Weirdness & Mutations

You have a beak for a mouth.
You have claws for feet.
Your magical nature lets you fly swiftly and evasively.


Message History

There is a stone staircase leading up here.
You feel your anger nearly subside. The wight hits you with a +2 mace!
You feel drained. The wight misses you. The wight hits you with a +1 dagger.
The wight hits you but does no damage. The wight closely misses you.
You fly upwards.
You are no longer berserk.
You are exhausted.
You feel yourself slow down.
There is a stone staircase leading down here.
The wight attacks as you move away! The wight hits you with a +3 hand axe.
The wight hits you but does no damage. The wight closely misses you.
The wight attacks as you move away! The wight hits you with a +1 dagger.
Your skin crawls.
You feel strong-willed. The wight closely misses you.
You barely miss the wight. Your kick misses the wight.
You peck the wight, but do no damage. The wight hits you but does no damage.
You blink.
The wight hits you but does no damage. The wight closely misses you.
The wight attacks as you move away! The wight closely misses you.
The wight attacks as you move away! The wight hits you but does no damage.
The wight closely misses you.
The wight hits you with a +1 scimitar of distortion.
Space warps around you! The wight hits you but does no damage.
The wight attacks as you move away! The wight barely misses you.
The wight attacks as you move away! The wight hits you with a +3 hand axe!
* * * LOW HITPOINT WARNING * * *
Okay, then.
The wight attacks as you move away! The wight closely misses you.
The wight barely misses you. The wight attacks as you move away!
The wight hits you with a +2 mace.
* * * LOW HITPOINT WARNING * * *
The wight barely misses you. The wight attacks as you move away!
The wight barely misses you.
The wight hits you with a +1 scimitar of distortion.
* * * LOW HITPOINT WARNING * * *
You feel drained.
* * * LOW HITPOINT WARNING * * *
Space warps horribly around you!
You die...

#....#..#....#...# #.
#.######.....#...# ##.
#.###..#..#......# #..
#......#..#......#####..
#####..######...>.......
##########......###...##.###.
#...#...####...###...........
###......###....#..........##
##........@.z..............
##......#zz##.............
#.[......zz..............
#...##.#......[..........
#...##...####.[..........
#######..)....[..........
##.###.............
#####..#...##..........
#.........<##..........


You could see 5 wights.

Vanquished Creatures
  A thrashing horror (Abyss:2)
  Sigmund (D:5)
  Edmund (D:5)
  A sky beast (D:5)
  An ogre (D:5)
  A scorpion (D:5)
  4 jellies
  An orc priest (D:4)
  Jessica (D:2)
  2 iguanas
  2 orc wizards (D:3)
  6 adders
  A white imp (D:5)
  An ufetubus (D:4)
  A worm (D:2)
  2 dart slugs (D:1)
  20 orcs
  7 ball pythons
  9 bats
  8 endoplasms
  2 giant cockroaches (D:2)
  14 hobgoblins
  4 jackals
  A quokka (D:2)
  A frilled lizard (D:1)
  11 goblins
  9 kobolds
  4 rats
  3 bushes (D:1)
120 creatures vanquished.

Vanquished Creatures (others)
  6 plants
6 creatures vanquished.

Grand Total: 126 creatures vanquished

Notes
Turn   | Place    | Note
-------+----------+-------------------------------------------
     0 | D:1      | Dabor the Tengu Berserker began the quest for the Orb.
     0 | D:1      | Reached XP level 1. HP: 14/14 MP: 2/2
   454 | D:1      | Reached XP level 2. HP: 15/19 MP: 3/3
  1059 | D:1      | Reached XP level 3. HP: 23/23 MP: 4/4
  1476 | D:1      | Found Yhaameof's One-of-a-Kind Rings.
  2149 | D:2      | Noticed Jessica
  2155 | D:2      | Killed Jessica
  2156 | D:2      | Reached XP level 4. HP: 28/28 MP: 5/5
  2281 | D:2      | Found Imuhoss's Weapon Emporium.
  2399 | D:2      | Identified a scroll of acquirement
  2404 | D:2      | Acquired the amulet of Cyfifiv {Faith Rampage rF+}
  2482 | D:2      | Reached ** piety under Trog
  2743 | D:2      | Found Wunnuin's General Store.
  3085 | D:2      | Bought a +1 pair of gloves for 126 gold pieces
  3286 | D:3      | You fall into a shaft and drop 3 floors!
  3296 | D:6      | Gained mutation: Your magical nature lets you fly swiftly
                  | and evasively. [Tengu growth]
  3296 | D:6      | Reached XP level 5. HP: 33/33 MP: 6/6
  3301 | D:6      | Noticed a black bear
  3306 | D:5      | Entered Level 5 of the Dungeon
  3306 | D:5      | Noticed a sky beast
  3745 | D:3      | Reached skill level 1 in Throwing
  3955 | D:3      | Reached *** piety under Trog
  3957 | D:3      | Reached XP level 6. HP: 38/38 MP: 7/7
  5183 | D:5      | Killed a sky beast
  5266 | D:5      | Reached skill level 5 in Axes
  5266 | D:5      | Reached XP level 7. HP: 44/44 MP: 8/8
  5409 | D:5      | Noticed Sigmund
  5413 | D:5      | Killed Sigmund
  5559 | D:5      | Noticed Edmund
  5599 | D:5      | Killed Edmund
  5600 | D:5      | Reached skill level 5 in Fighting
  5600 | D:5      | Reached skill level 5 in Armour
  5600 | D:5      | Reached skill level 5 in Dodging
  5600 | D:5      | Reached XP level 8. HP: 45/49 MP: 9/9
  5764 | D:5      | Found a staircase to the Ecumenical Temple.
  5936 | D:6      | Cast into level 2 of the Abyss (wight)
  5994 | Abyss:2  | Noticed a thrashing horror
  6004 | Abyss:2  | Killed a thrashing horror
  6007 | D:6      | Escaped the Abyss
  6021 | D:5      | Slain by a wight

Illustrated notes

Levels and vault maps discovered:
D:1:      dpeg_arrival_concentric_ovals, layout_basic, serial_forest,
          infiniplex_forest_end_2, infiniplex_forest_split,
          infiniplex_forest_lined_room_, infiniplex_forest_straight_5,
          infiniplex_forest_straight_4, infiniplex_forest_corner_1,
          infiniplex_forest_lined_3, nicolae_shop_unique_rings,
          minmay_split_cup_small
D:2:      cheibrodos_greedy_goblins, layout_loops_ring, serial_shops, shop,
          shop_statue, serial_bayou_pond_e, minmay_misc_feat_doors, uniq_jessica
D:3:      layout_loops_ring
D:4:      layout_basic
D:5:      layout_rooms, minmay_temple_entry_tees, hangedman_decor_push,
          uniq_edmund, uniq_sigmund
D:6:      layout_loops_cross

Skill      XL: |  1  2  3  4  5  6  7 |
---------------+----------------------+-----
Armour         | 3 4 5 |  5.0
Dodging        | 3 4 5 |  5.0
Axes           | 4 5 |  5.7
Fighting       | 4 5 |  5.1
Throwing       | 1 2 3 |  3.3

Action                   |  1- 3 |  4- 6 |  7- 9 || total
-------------------------+-------+-------+-------++-------
Melee: Hand axe          |   293 |   131 |    49 ||   473
       Peck              |    82 |    18 |    15 ||   115
       Kick              |   129 |    34 |    10 ||   173
       Punch             |     3 |       |       ||     3
Throw: Boomerang         |       |     9 |     3 ||    12
Invok: Berserk           |     1 |     4 |     3 ||     8
       Trog's Hand       |       |       |     1 ||     1
  Use: Scroll            |     1 |     4 |       ||     5
       Potion            |       |     1 |       ||     1
 Stab: Sleeping          |     3 |       |       ||     3
Armor: Animal skin       |    17 |       |       ||    17
       Scale mail        |       |    53 |    24 ||    77
Dodge: Dodged            |    42 |    74 |    38 ||   154

Table legend: (Time is in decaauts)
 A = Elapsed time spent in this place.
 B = Non-inter-level travel time spent in this place.
 C = Inter-level travel time spent in this place.
 D = Time resting spent in this place.
 E = Time spent auto-exploring this place.
 F = Levels seen in this place.
 G = Mean time per level.
                   A        B        C        D        E       F      G
               +--------+--------+--------+--------+--------+-----+--------+
         Total |   5970 |   5663 |    307 |    207 |   4095 |   7 |  852.9 |
       Dungeon |   5908 |   5601 |    307 |    207 |   4095 |   6 |  984.7 |
         Abyss |     62 |     62 |      0 |      0 |      0 |   1 |   62.0 |
               +--------+--------+--------+--------+--------+-----+--------+

Top non-repeatable levels by time:
     D:1: 2133 daAuts
     D:4: 1106 daAuts
     D:2: 1030 daAuts
     D:3: 824 daAuts
     D:5: 791 daAuts
 Abyss:2: 62 daAuts
     D:6: 21 daAuts
